 Dungeon Crawl Stone Soup version 0.30-a0-719-gcc4359ea44 (webtiles) character file.

Game seed: 5412200549461730259

1299 Darius099 the Spear-Bearer (level 8, -3/46 HPs)
             Began as a Gargoyle Fighter on Jan 27, 2023.
             Slain by a bone dragon (17 damage)
             ... summoned by a glowing orange brain
             ... summoned by a shadow demon
             ... on level 1 of the Abyss.
             The game lasted 00:11:57 (4321 turns).

Darius099 the Spear-Bearer (Gargoyle Fighter)       Turns: 4321, Time: 00:11:58

Health: -3/46      AC: 14    Str: 28    XL:     8   Next: 56%
Magic:  8/8        EV:  9    Int:  9    God:
Gold:   195        SH:  4    Dex:  9    Spells: 7/7 levels left

rFire   . . .      SeeInvis .    h - +0 demon trident
rCold   . . .      Faith    .    c - +0 buckler
rNeg    + . .      Spirit   .    b - +0 scale mail
rPois   ∞          Reflect  .    (no helmet)
rElec   +          Harm     .    (no cloak)
rCorr   .          Rampage  .    f - +0 pair of gloves
Will    .....                    s - +0 pair of boots Stlth
                                 (no amulet)
HPRegen 0.27/turn                r - +6 ring of strength
MPRegen 0.11/turn                (no ring)

@: weak-willed
A: sickness immunity, AC +5, negative energy resistance 1, electricity
resistance, torment resistance 1, petrification resistance
a: no special abilities


You were on level 1 of the Abyss.
You visited 1 branch of the dungeon, and saw 6 of its levels.
You visited the Abyss 1 time.
You also visited: Sewer.

You collected 195 gold pieces.

Inventory:

Hand Weapons
 a - a +0 flail
 h - a +0 demon trident (weapon)
Armour
 b - a +0 scale mail (worn)
 c - a +0 buckler (worn)
 f - a +0 pair of gloves (worn)
 s - a +0 pair of boots (worn)
Jewellery
 r - a +6 ring of strength (left hand)
Wands
 A - a wand of paralysis (8)
Scrolls
 e - 9 scrolls of identify {unknown}
 g - a scroll of butterflies
 i - 3 scrolls of enchant weapon {unknown}
 n - a scroll of fear {unknown}
 p - a scroll of immolation
 q - a scroll of enchant armour {unknown}
 t - a scroll of vulnerability
 u - a scroll of amnesia {unknown}
 v - a scroll of torment {unknown}
 y - a scroll of blinking {unknown}
 z - a scroll of acquirement {unknown}
Potions
 d - a potion of might
 j - 3 potions of heal wounds
 k - a potion of berserk rage {unknown}
 l - 2 potions of flight {unknown}
 m - 2 potions of lignification {unknown}
 o - 3 potions of degeneration {unknown}
 w - a potion of mutation {unknown}
 x - a potion of resistance {unknown}


   Skills:
 - Level 3.2 Fighting
 - Level 2.9 Maces & Flails
 + Level 9.0 Polearms
 - Level 3.2 Armour
 - Level 3.2 Shields


You had 7 spell levels left.
You didn't know any spells.
Your spell library contained the following spells:

 Spells                   Type           Power      Damage    Failure   Level
 Ozocubu's Armour         Ice            0%         N/A       98%         3
 Ozocubu's Refrigeration  Ice            0%         4d7       100%        7


Dungeon Overview and Level Annotations

Branches:
Dungeon (6/15)              Sewer (visited)
 Temple: D:4-7

Altars:
Cheibriados
Ru

Portals:
Abyss: D:4

Annotations:
D:4 1 transporter


Innate Abilities, Weirdness & Mutations

You are immune to sickness and miasma.
Your stone body is resilient. (AC +5)
You are immune to poison.
You resist negative energy. (rN+)
You are resistant to electric shocks. (rElec)
You are resistant to unholy torment.
You are immune to petrification.


Message History

The large abomination hits you!
The shadow demon hits you but does no damage.
As you read the scroll labelled YNADAO RAICKIA, it crumbles to dust.
Magic quickly surges around you.
It was a scroll of vulnerability.
The large abomination hits you but does no damage.
The shadow demon hits you but does no damage.
As you read the scroll labelled HYWNUUZUXI, it crumbles to dust.
The creatures around you are filled with an inner flame!
It was a scroll of immolation.
You block the large abomination's attack.
The shadow demon hits you but does no damage.
As you read the scroll labelled USSUSHR ASKEQIU, it crumbles to dust.
You hear the flapping of tiny wings.
The small abomination is knocked back by the sudden gust.
The glowing orange brain is knocked back by the sudden gust.
The bone dragon is knocked back by the sudden gust.
The large abomination is knocked back by the sudden gust.
The shadow demon is knocked back by the sudden gust.
It was a scroll of butterflies.
The small abomination barely misses your butterfly.
You swap places.
The large abomination hits you!!
* * * LOW HITPOINT WARNING * * *
The bone dragon barely misses your butterfly.
The bone dragon claws your butterfly.
Your butterfly dies!
Your butterfly disappears in a burst of colours!
The shadow demon hits your butterfly!!
Your butterfly dies!
Your butterfly disappears in a burst of colours!
The bone dragon bites your butterfly!
Your butterfly dies!
Your butterfly disappears in a burst of colours!
You swap places.
The large abomination hits your butterfly!
Your butterfly dies!
Your butterfly disappears in a burst of colours!
The glowing orange brain pulsates.
Something tries to feed on your intellect!
The bone dragon bites you!
You die...

#. .# . .# #.
###. .### ..
#... ...## ##
#b.##.... ...
#.b.#.###.
##D@G# .. .
#.##.# .# # #
..#b#.X#. .
#.#
#.b.#.####..x
...#b
#..##..#
...bb.b.##.#.
.##bb##. #.#
# #..xb# #
#.# # ###.
###


You could see a bone dragon (summoned, inner flame, weak-willed, ally target), a
glowing orange brain (summoned, inner flame, weak-willed) and a large
abomination (summoned, inner flame, weak-willed).

Vanquished Creatures
  An ancient zyme (Abyss:1)
  Grinder (D:4)
  The ghost of Dittersdorf the Trooper, an amateur GrFi (D:4)
  A black bear (D:4)
  2 scorpions (D:4)
  The ghost of Adverbial the Magician, a weakling OpTm (D:3)
  A quasit (D:4)
  3 orc priests (D:3)
  A hound (D:4)
  An orc wizard (D:3)
  3 iguanas (D:4)
  6 adders
  5 river rats (Sewer)
  A white imp (D:4)
  2 dart slugs
  19 orcs
  13 ball pythons
  2 bats
  10 endoplasms
  5 giant cockroaches
  7 goblins
  5 hobgoblins
  3 jackals (D:3)
  8 kobolds
  13 frilled lizards
  16 rats
131 creatures vanquished.

Notes
Turn   | Place    | Note
-------+----------+-------------------------------------------
     0 | D:1      | Darius099 the Gargoyle Fighter began the quest for the Orb.
     0 | D:1      | Reached XP level 1. HP: 14/14 MP: 1/1
   113 | D:1      | Reached XP level 2. HP: 19/19 MP: 2/2
   323 | D:1      | Reached skill level 1 in Polearms
   535 | D:1      | Reached XP level 3. HP: 23/23 MP: 3/3
   980 | D:2      | Reached skill level 2 in Polearms
  1188 | D:2      | Reached XP level 4. HP: 28/28 MP: 4/4
  1557 | D:2      | Reached skill level 3 in Polearms
  1832 | D:3      | Found a runed translucent door.
  1832 | D:3      | Noticed Adverbial's ghost (weakling OpTm)
  1890 | D:3      | You fall into a shaft and drop 3 floors!
  1894 | D:5      | Entered Level 5 of the Dungeon
  1999 | D:4      | Reached XP level 5. HP: 27/32 MP: 5/5
  2019 | D:4      | Reached skill level 4 in Polearms
  2098 | D:4      | Noticed Grinder
  2105 | D:4      | Killed Grinder
  2106 | D:4      | Reached skill level 5 in Polearms
  2106 | D:4      | Reached XP level 6. HP: 24/37 MP: 6/6
  2155 | D:4      | Found a transporter.
  2155 | D:4      | Noticed a small abomination
  2164 | D:4      | Reached XP level 7. HP: 41/41 MP: 7/7
  2245 | D:4      | Reached skill level 6 in Polearms
  2338 | D:4      | Found a transporter.
  2338 | D:4      | Noticed Dittersdorf's ghost (amateur GrFi)
  2718 | D:4      | Found a glowing drain.
  2723 | Sewer    | Entered a sewer
  2892 | Sewer    | Reached skill level 7 in Polearms
  3408 | D:3      | Found a snail-covered altar of Cheibriados.
  3497 | D:3      | Found a sacrificial altar of Ru.
  3766 | D:3      | Reached XP level 8. HP: 18/46 MP: 8/8
  4136 | D:3      | Killed Adverbial's ghost
  4191 | D:4      | Found a one-way gate to the infinite horrors of the Abyss.
  4216 | D:4      | Killed Dittersdorf's ghost
  4217 | D:4      | Reached skill level 8 in Polearms
  4246 | Abyss:1  | Cast into level 1 of the Abyss (kobold brigand)
  4268 | Abyss:1  | Noticed an ancient zyme
  4289 | Abyss:1  | Killed an ancient zyme
  4290 | Abyss:1  | Reached skill level 9 in Polearms
  4311 | Abyss:1  | Noticed a shadow demon
  4313 | Abyss:1  | Noticed a glowing orange brain
  4314 | Abyss:1  | Noticed a bone dragon
  4314 | Abyss:1  | Noticed a large abomination
  4321 | Abyss:1  | Slain by a bone dragon

Illustrated notes

Levels and vault maps discovered:
D:1:      giann_wishing_wells, layout_basic
D:2:      layout_loops_ring, kennysheep_generic_room_6
D:3:      layout_loops_ring, chei_slow_surprise,
          nicolae_ru_sacrificial_ziggurat, gammafunk_ghost_grave,
          chequers_serial_rivers_marsh, kennysheep_generic_room_12
D:4:      layout_basic, portal_sewer_entry_e, gammafunk_ghost_abyssal_escape,
          uniq_grinder
D:5:      layout_basic, grunt_temple_overflow_cloverleaf,
          gammafunk_temple_overflow_elements, temple_hall, minmay_joined_circles
D:6:      layout_basic, serial_shops, kennysheep_mini_moat
Abyss:1:  base:
D:1

Skill      XL: |  1  2  3  4  5  6  7  8 |
---------------+-------------------------+-----
Polearms       | 1 2 3 5 7 9 |  9.0
Fighting       | |  3.2
Maces & Flails | |  2.9
Armour         | |  3.2
Shields        | |  3.2

Action                     |  1- 3 |  4- 6 |  7- 9 || total
---------------------------+-------+-------+-------++-------
  Melee: Flail             |    34 |       |       ||    34
         Demon trident     |    63 |   111 |   252 ||   426
  Evoke: Wand              |       |       |     1 ||     1
    Use: Scroll            |       |       |     3 ||     3
         Potion            |       |       |     1 ||     1
   Stab: Distracted        |       |     1 |       ||     1
 Armour: Scale mail        |    36 |    38 |   159 ||   233
  Dodge: Dodged            |    30 |    45 |   118 ||   193
  Block: Buckler           |    16 |    15 |    50 ||    81

Table legend: (Time is in decaauts)
 A = Elapsed time spent in this place.
 B = Non-inter-level travel time spent in this place.
 C = Inter-level travel time spent in this place.
 D = Time resting spent in this place.
 E = Time spent auto-exploring this place.
 F = Levels seen in this place.
 G = Mean time per level.
                   A        B        C        D        E       F      G
               +--------+--------+--------+--------+--------+-----+--------+
         Total |   4409 |   4240 |    169 |    304 |   2700 |   8 |  551.1 |
       Dungeon |   3892 |   3723 |    169 |    282 |   2444 |   6 |  648.7 |
         Abyss |     74 |     74 |      0 |     22 |      0 |   1 |   74.0 |
         Sewer |    443 |    443 |      0 |      0 |    256 |   1 |  443.0 |
               +--------+--------+--------+--------+--------+-----+--------+

Top non-repeatable levels by time:
     D:3: 999 daAuts
     D:1: 974 daAuts
     D:4: 954 daAuts
     D:2: 862 daAuts
   Sewer: 443 daAuts
     D:5: 98 daAuts
 Abyss:1: 74 daAuts
     D:6: 3 daAuts
